 Dungeon Crawl Stone Soup version 0.19-a0-644-gd04d753 (webtiles) character file.

1384 Duffy the Slasher (level 8, -1/58 HPs)
             Began as a Mummy Fighter on June 14, 2016.
             Was an Initiate of Cheibriados.
             Slain by George's ghost (4 damage)
             ... on level 6 of the Dungeon.
             The game lasted 00:09:00 (6103 turns).

Duffy the Slasher (Mummy Fighter)                   Turns: 6103, Time: 00:09:01

Health: -1/58      AC: 15    Str: 23    XL:     8   Next: 40%
Magic:  8/8        EV:  6    Int:  8    God:    Cheibriados [......]
Gold:   274        SH:  0    Dex: 12    Spells: 0 memorised, 7 levels left

rFire  . . .     SeeInvis .     a - +0 long sword
rCold  + . .     Gourm    .     t - +0 plate armour
rNeg   + + +     Faith    .     (no shield)
rPois  ∞         Spirit   .     m - +1 hat
rElec  .         Dismiss  .     (no cloak)
rCorr  .         Reflect  .     o - +1 pair of gloves (curse)
SustAt .         Harm     .     (no boots)
MR     +....                    j - amulet of magic regeneration
Stlth  ..........               s - ring of protection from fire
                                d - +4 ring of slaying

@: very slow, somewhat resistant to hostile enchantments, extremely unstealthy
A: no food or potions, fire vulnerability, cold resistance 1, negative energy
resistance 3, torment resistance, unbreathing
a: Bend Time, Renounce Religion


You were on level 6 of the Dungeon.
You worshipped Cheibriados.
Cheibriados was noncommittal.
You were not hungry.

You visited 2 branches of the dungeon, and saw 7 of its levels.

You collected 274 gold pieces.


Innate Abilities, Weirdness & Mutations

You do not eat or drink.
Your flesh is vulnerable to fire.
You are immune to poison.
Your flesh is cold resistant. (rC+)
You are immune to negative energy. (rN+++)
You are immune to unholy pain and torment.
You can survive without breathing.


   Skills:
 - Level 3.0 Fighting
 + Level 7.3 Long Blades
 + Level 5.4 Armour
 - Level 2.4 Shields


You had 7 spell levels left.
You didn't know any spells.

Inventory:

Hand Weapons
 a - a +0 long sword (weapon)
Missiles
 k - 39 poisoned needles
Armour
 b - a +0 scale mail
 c - a +0 shield
 e - a +0 chain mail
 m - a +1 hat (worn)
 o - a cursed +1 pair of gloves (worn)
 t - a +0 plate armour (worn)
Jewellery
 d - a +4 ring of slaying (left hand)
 j - an amulet of magic regeneration (around neck)
 p - an uncursed ring of sustain attributes
 r - an uncursed ring of resist corrosion
 s - a ring of protection from fire (right hand)
Wands
 u - a wand of lightning (8/15)
 v - a wand of acid (6/15)
Scrolls
 f - 5 scrolls of fog
 g - 2 scrolls of enchant weapon
 h - 9 scrolls of remove curse
 l - a scroll of enchant armour
 n - 2 scrolls of fear
Books
 w - a Fen Folio

Dungeon Overview and Level Annotations

Branches:
Dungeon (6/15)             Temple (1/1) D:6

Altars:
Ashenzari
Cheibriados
Dithmenos
Elyvilon
Fedhas
Gozag
Hepliaklqana
Kikubaaqudgha
Makhleb
Nemelex Xobeh
Okawaru
Pakellas
Qazlal
Sif Muna
Uskayaw
Vehumet
Xom
Yredelemnul
Zin

Annotations:
D:6 George's ghost, novice MiFi


Message History

You are too injured to fight recklessly!
You are too injured to fight recklessly!
As you read the scroll labeled FACUNA ZELOI, it crumbles to dust.
It is a scroll of enchant armour.
Enchant which item? (? for menu, Esc to quit)
Your cursed +0 pair of gloves glows green for a moment.
The hound zombie bites you but does no damage.
As you read the scroll labeled REPEVOMOMA, it crumbles to dust.
You hear a loud clanging noise!
It was a scroll of noise.
You hear a shout! x3; You hear a howl!
You hear a shout!
You hear a bark!
You hear a shout! x3
The hound zombie bites you but does no damage.
The hound zombie barely misses you.
As you read the scroll labeled REL BARUTUOKIBB, it crumbles to dust.
You feel aware of your surroundings.
It was a scroll of magic mapping.
The hound zombie barely misses you.
George's ghost shouts, "What do you have that I didn't have?"
You slash the hound zombie!
The hound zombie bites you but does no damage.
The hound zombie barely misses you. The hound zombie completely misses you.
You closely miss the hound zombie.
The hound zombie bites you but does no damage.
The hound zombie bites you.
Your plate armour prevents you from hitting the hound zombie.
George's ghost screams, "You must not succeed where I failed!"
The hound zombie bites you but does no damage.
You slash the hound zombie!
You destroy the hound zombie!
Cheibriados appreciates the change of pace.
George's ghost screams, "Zot is a myth, the ORB is a fable, you'll soon be a tale!"
George's ghost hits you. George's ghost closely misses you.
George's ghost says, "Live by the sword, die by the sword."
George's ghost barely misses you.
Things that are here:
a dagger; a robe George's ghost screams, "Do you think the gods will protect you?"
George's ghost hits you. George's ghost hits you!
George's ghost barely misses you.
George's ghost whispers, "They're coming for you..."
George's ghost hits you but does no damage.
Press: ? - help, v - describe, . - travel
Here: George's ghost The floor.
Unknown command.
George's ghost hits you.
You die...

######### #########
#.......# *
#......)# #.#####.#
* #.#####.#
#.#####.### * #.#
#.########%........#
*** ..#
#.........@...##.#.#
****,* #.#
#.########W.#.##.#.#
*,,,,, #.#####..##
#....##.#.# *,**,*
#.........#
###..###### *,****
######...## 7..7
*,** ##.## 7..7
**,** #.# 7..7 **,*
# #.# 7..7 *,* #
##+## 77.77 *,*


You could see George's ghost.

Action                   |  1- 3 |  4- 6 |  7- 9 || total
-------------------------+-------+-------+-------++-------
Melee: Long sword        |    96 |   197 |   138 ||   431
  Use: Scroll            |       |     4 |     3 ||     7
Armor: Scale mail        |    44 |    48 |       ||    92
       Chain mail        |       |    40 |    23 ||    63
       Plate armour      |       |       |    39 ||    39
Dodge: Dodged            |    41 |    42 |    40 ||   123
Block: Shield            |    40 |    81 |    27 ||   148

Notes
Turn   | Place    | Note
--------------------------------------------------------------
     0 | D:1      | Duffy the Mummy Fighter began the quest for the Orb.
     0 | D:1      | Reached XP level 1. HP: 18/18 MP: 1/1
    91 | D:1      | Reached skill level 2 in Long Blades
   170 | D:1      | Reached XP level 2. HP: 24/24 MP: 2/2
   765 | D:2      | Reached XP level 3. HP: 28/29 MP: 3/3
   806 | D:2      | Reached skill level 3 in Long Blades
  1350 | D:2      | Reached XP level 4. HP: 34/35 MP: 4/4
  1660 | D:2      | Found a basalt altar of Yredelemnul.
  1661 | D:2      | Found a radiant altar of Vehumet.
  1663 | D:2      | Found an ancient bone altar of Kikubaaqudgha.
  1664 | D:2      | Found an oddly glowing altar of Pakellas.
  1665 | D:2      | Found a shadowy altar of Dithmenos.
  1665 | D:2      | Found a burning altar of Makhleb.
  1665 | D:2      | Found a hide-covered altar of Uskayaw.
  1665 | D:2      | Found a blossoming altar of Fedhas.
  1668 | D:2      | Found a glowing silver altar of Zin.
  1669 | D:2      | Found a shimmering altar of Xom.
  1670 | D:2      | Found a stormy altar of Qazlal.
  1743 | D:2      | Reached skill level 4 in Long Blades
  2123 | D:3      | Noticed Natasha
  2133 | D:3      | Killed Natasha
  2133 | D:3      | Reached XP level 5. HP: 36/41 MP: 5/5
  2192 | D:3      | Found a white marble altar of Elyvilon.
  2744 | D:3      | Reached skill level 5 in Long Blades
  3456 | D:4      | Reached XP level 6. HP: 47/47 MP: 6/6
  3525 | D:4      | Found a shadowy altar of Dithmenos.
  3899 | D:5      | Entered Level 5 of the Dungeon
  3908 | D:5      | Reached skill level 3 in Armour
  4111 | D:5      | Found an iron altar of Okawaru.
  4471 | D:5      | Reached XP level 7. HP: 52/52 MP: 7/7
  4752 | D:5      | Reached skill level 6 in Long Blades
  4752 | D:5      | Reached skill level 4 in Armour
  5340 | D:6      | Found a staircase to the Ecumenical Temple.
  5346 | Temple   | Entered the Ecumenical Temple
  5607 | Temple   | Became a worshipper of Cheibriados the Contemplative
  5968 | D:6      | Noticed a spriggan
  5977 | D:6      | Killed a spriggan
  5977 | D:6      | Reached XP level 8. HP: 50/58 MP: 8/8
  6038 | D:6      | Reached skill level 7 in Long Blades
  6038 | D:6      | Reached skill level 5 in Armour
  6041 | D:6      | Noticed George's ghost (novice MiFi)
  6103 | D:6      | Slain by George's ghost

Skill      XL: |  1  2  3  4  5  6  7  8 |
---------------+-------------------------+-----
Long Blades    | 2 3 4 5 6 7 |  7.3
Armour         | 3 4 5 |  5.4
Fighting       | |  3.0
Shields        | |  2.4

Vault maps used:
D:1:      lightli_arrival_lavapool
D:2:      minitemple, grunt_decor_one_mirror
D:3:      nicolae_overflow_crystal_walls, minmay_misc_feat_alley,
          serial_park_tiny_2, uniq_natasha
D:4:      first_bread, grunt_dithmenos_shadows
D:5:      okawaru_gym_becter
D:6:      forest_paths, enter_ossuary_5
Temple:   temple_island_7

Vanquished Creatures
  3 spriggans
  An orc warrior
  An ogre
  A scorpion
  A crimson imp
  A jelly
  2 orc priests
  2 orc wizards
  2 giant frog skeletons
  An iguana Natasha
  4 worker ants
  A hound zombie
  16 adders
  2 shadow imps
  An ooze
  3 worms
  2 dart slugs
  4 giant geckos
  30 orcs
  A ball python
  8 bats
  3 giant cockroaches
  6 goblins
  6 hobgoblins
  9 jackals
  2 quokkas
  4 giant newts
  A jackal skeleton
  3 kobolds
  5 rats
127 creatures vanquished.
